[Event "Fagernes Open 2019"]
[Site "Fagernes"]
[Date "2019.04.18"]
[Round "6.27"]
[White "Rasmussen, Jonas H"]
[Black "Lundberg, Alf W."]
[Result "0-1"]
[ECO "A54"]
[WhiteElo "1993"]
[BlackElo "1932"]
[Annotator "NA"]
[PlyCount "80"]
[EventDate "2019.04.14"]
[EventType "swiss"]
[EventCountry "NOR"]
[SourceTitle "playchess.com"]
[Source "ChessBase"]
[SourceQuality "1"]
[TimeControl "40/7200:3600"]

1. d4 Nf6 2. Nf3 d6 3. c4 Nc6 4. Nc3 e5 5. d5 Ne7 6. e4 Ng6 7. Be2 Be7 8. O-O O-O 9. Ne1 Ne8 10. Nd3 Bg5 11. b4 f5 12. exf5 Bxf5 13. Bg4 Bxc1 14. Rxc1 Qg5 15. Bxf5 Rxf5 16. Ne4 Qh4 17. Ng3 Rg5 18. c5 Nf6 19. cxd6 cxd6 20. Qb3 Ng4 21. h3 Nxf2 22. Rxf2 Rxg3 23. Qc2 h6 24. Kh2 e4 25. Ne1 Ne5 26. Kg1 e3 27. Re2 Qxh3 28. Qe4 Rf8 29. Rec2 e2 30. Rxe2 Ng4 31. Nf3 Qh5 32. Qe6+ Kh7 33. Qe4+ Rf5 34. Rc7 Nf6 35. Qc2 Qxf3 36. Ree7 Qf1+ 37. Kh2 Rgg5 38. Rc4 Ng4+ 39. Kh3 Qh1+ 40. Kg3 Qh2# 0-1

[Event "Fagernes Open 2019"]
[Site "Fagernes"]
[Date "2019.04.18"]
[Round "6.28"]
[White "Loberg, Jo Kristian"]
[Black "Akdag, Omer Amir"]
[Result "1-0"]
[ECO "B37"]
[WhiteElo "2045"]
[BlackElo "1901"]
[Annotator "NA"]
[PlyCount "125"]
[EventDate "2019.04.14"]
[EventType "swiss"]
[EventCountry "NOR"]
[SourceTitle "playchess.com"]
[Source "ChessBase"]
[SourceQuality "1"]
[TimeControl "40/7200:3600"]

1. e4 c5 2. Nf3 g6 3. d4 cxd4 4. Nxd4 Bg7 5. c4 Nc6 6. Nc2 Nf6 7. Nc3 O-O 8. Be2 d6 9. O-O a5 10. Na3 Nd7 11. Nab5 Nc5 12. Be3 a4 13. Qd2 Qa5 14. Bh6 Be6 15. Bxg7 Kxg7 16. Rad1 Qb4 17. Nc7 Rac8 18. Nxe6+ Nxe6 19. f4 Ncd4 20. f5 Nxe2+ 21. Qxe2 Nc7 22. f6+ exf6 23. Qf3 Qc5+ 24. Kh1 Qe5 25. Nxa4 Ne6 26. Rd5 Ng5 27. Rxe5 Nxf3 28. Rd5 Ng5 29. Nc3 Rc6 30. h4 Ne6 31. b3 Re8 32. Nb5 Nc7 33. Nxd6 Re6 34. Nxb7 Rxe4 35. Rd7 Rxh4+ 36. Kg1 Ne6 37. Nd8 Nxd8 38. Rxd8 Re4 39. Rd2 Re5 40. Rc1 Rec5 41. a3 Kf8 42. Rdc2 Ke7 43. b4 Re5 44. c5 Kd7 45. b5 Rc8 46. Rd2+ Kc7 47. b6+ Kc6 48. Rd6+ Kb7 49. Rd7+ Kc6 50. Rxf7 Re3 51. Rxf6+ Kb7 52. Rf7+ Kc6 53. a4 Ra3 54. Rc4 Re8 55. Rc7+ Kd5 56. Rc2 Rxa4 57. b7 Rb4 58. c6 Kd6 59. Rc8 Re1+ 60. Kf2 Reb1 61. c7 R1b2 62. Rd8+ Ke7 63. c8=Q 1-0

[Event "Fagernes Open 2019"]
[Site "Fagernes"]
[Date "2019.04.18"]
[Round "6.29"]
[White "Dale, Gunnar Brandshaug"]
[Black "Dahl, Torbjorn"]
[Result "1-0"]
[ECO "B07"]
[WhiteElo "1903"]
[BlackElo "1917"]
[Annotator "NA"]
[PlyCount "125"]
[EventDate "2019.04.14"]
[EventType "swiss"]
[EventCountry "NOR"]
[SourceTitle "playchess.com"]
[Source "ChessBase"]
[SourceQuality "1"]
[TimeControl "40/7200:3600"]

1. e4 d6 2. d4 Nf6 3. Nc3 Nbd7 4. f4 e5 5. Nf3 exd4 6. Qxd4 c6 7. Bd2 Qb6 8. O-O-O Qxd4 9. Nxd4 Nb6 10. g3 Bg4 11. Re1 O-O-O 12. h3 Bd7 13. a4 d5 14. e5 Nh5 15. Nde2 g6 16. b3 Ba3+ 17. Kd1 Bb4 18. Bg2 Ng7 19. g4 h5 20. Bf3 Be6 21. Nb1 Bxd2 22. Nxd2 Nd7 23. Nd4 Nc5 24. a5 hxg4 25. hxg4 Rxh1 26. Rxh1 Ne4 27. Rh7 Nc3+ 28. Ke1 Rg8 29. a6 Kc7 30. axb7 Kxb7 31. f5 gxf5 32. gxf5 Bc8 33. f6 Nf5 34. Rxf7+ Kb6 35. Nxf5 Bxf5 36. Rg7 Rxg7 37. fxg7 Bh7 38. e6 Kc7 39. Bh5 Kd6 40. Bf7 Nb5 41. g8=Q Bxg8 42. Bxg8 Nc3 43. Nf3 Nb5 44. Bf7 Nc7 45. Kd2 Nxe6 46. Bxe6 Kxe6 47. Nd4+ Kd6 48. Kc3 a6 49. Nf5+ Kc5 50. b4+ Kb5 51. Nd4+ Kb6 52. Nb3 Kb5 53. Nd4+ Kb6 54. Kb3 c5 55. Ne6 cxb4 56. Kxb4 Kc6 57. Nd4+ Kb6 58. Nb3 Kc6 59. Ka5 Kb7 60. Nc5+ Kc6 61. Nxa6 d4 62. Kb4 Kd5 63. Nc5 1-0

[Event "Fagernes Open 2019"]
[Site "Fagernes"]
[Date "2019.04.18"]
[Round "6.30"]
[White "Lobersli, Henrik Oie"]
[Black "Wright, Haakon"]
[Result "1/2-1/2"]
[ECO "B35"]
[WhiteElo "2102"]
[BlackElo "1849"]
[Annotator "NA"]
[PlyCount "82"]
[EventDate "2019.04.14"]
[EventType "swiss"]
[EventCountry "NOR"]
[SourceTitle "playchess.com"]
[Source "ChessBase"]
[SourceQuality "1"]
[TimeControl "40/7200:3600"]

1. e4 c5 2. Nf3 g6 3. d4 cxd4 4. Nxd4 Nc6 5. Nc3 Bg7 6. Be3 Nf6 7. Bc4 O-O 8. Bb3 Ng4 9. Qxg4 Nxd4 10. Qd1 Nxb3 11. axb3 a6 12. Nd5 d6 13. Bb6 Qd7 14. Bd4 Bxd4 15. Qxd4 Qd8 16. h4 e5 17. Qd2 Be6 18. O-O-O Bxd5 19. Qxd5 Qb6 20. f3 Rfd8 21. h5 g5 22. h6 Qe3+ 23. Kb1 b5 24. g3 Rac8 25. Rde1 Qf2 26. Qd3 Qxg3 27. Reg1 Qf4 28. Rh5 Kh8 29. Rgxg5 Qf6 30. Rf5 Qe6 31. f4 f6 32. Qh3 Rg8 33. Qh4 Rg1+ 34. Ka2 Rg6 35. fxe5 dxe5 36. Rf2 Qb6 37. Rhf5 Qa5+ 38. Kb1 Qe1+ 39. Ka2 Qa5+ 40. Kb1 Qe1+ 41. Ka2 Qa5+ 1/2-1/2

[Event "Fagernes Open 2019"]
[Site "Fagernes"]
[Date "2019.04.19"]
[Round "7.27"]
[White "Lundberg, Alf W."]
[Black "Loberg, Jo Kristian"]
[Result "0-1"]
[ECO "B31"]
[WhiteElo "1932"]
[BlackElo "2045"]
[Annotator "NA"]
[PlyCount "144"]
[EventDate "2019.04.14"]
[EventType "swiss"]
[EventCountry "NOR"]
[SourceTitle "playchess.com"]
[Source "ChessBase"]
[SourceQuality "1"]
[TimeControl "40/7200:3600"]

1. e4 c5 2. Qf3 Nc6 3. Qg3 g6 4. Be2 Bg7 5. d3 Nf6 6. f4 d6 7. Na3 Rb8 8. Nc4 d5 9. exd5 Nxd5 10. Ne5 Nd4 11. Bd1 Nb4 12. Qf2 Qd5 13. Ngf3 O-O 14. O-O Nbc6 15. c3 Ne6 16. Bb3 Qd6 17. Nxc6 Qxc6 18. Be3 b6 19. Rad1 Bb7 20. Qh4 Rfe8 21. Qg3 Nf8 22. Ne5 Bxe5 23. fxe5 Ne6 24. d4 Nd8 25. d5 Qc7 26. Bf4 e6 27. Ba4 b5 28. Bxb5 Rf8 29. d6 Qb6 30. c4 a6 31. Ba4 Qxb2 32. Bb3 Nc6 33. Rd2 Qa3 34. Bh6 f5 35. exf6 Rf7 36. d7 Rd8 37. Qc7 Ba8 38. Rd6 Qb2 39. Rxc6 Qd4+ 40. Kh1 Rdxd7 41. Qb8+ Rd8 42. Rc8 Bxg2+ 43. Kxg2 Qg4+ 44. Qg3 Qe4+ 45. Qf3 Qxf3+ 46. Rxf3 Rxc8 47. Kg3 Rd7 48. Ba4 Rb7 49. Kf4 Kf7 50. Ke5 Rd8 51. Be3 Rb2 52. Rh3 h5 53. Bxc5 Rxa2 54. Be7 Re2+ 55. Kf4 Rd4+ 56. Kf3 Ra2 57. Bb3 Rb2 58. Ke3 Rxb3+ 59. Kxd4 Rxh3 60. c5 Rxh2 61. c6 Rc2 62. Bc5 Rd2+ 63. Kc4 Rd8 64. Be7 Rc8 65. Kc5 h4 66. Kb6 h3 67. Bd6 Kxf6 68. Bh2 a5 69. Kb7 Rg8 70. c7 a4 71. c8=Q Rxc8 72. Kxc8 a3 0-1

[Event "Fagernes Open 2019"]
[Site "Fagernes"]
[Date "2019.04.19"]
[Round "7.28"]
[White "Dale, Gunnar Brandshaug"]
[Black "Rasmussen, Jonas H"]
[Result "1/2-1/2"]
[ECO "C28"]
[WhiteElo "1903"]
[BlackElo "1993"]
[Annotator "NA"]
[PlyCount "168"]
[EventDate "2019.04.14"]
[EventType "swiss"]
[EventCountry "NOR"]
[SourceTitle "playchess.com"]
[Source "ChessBase"]
[SourceQuality "1"]
[TimeControl "40/7200:3600"]

1. e4 e5 2. Nc3 Nf6 3. Bc4 Nc6 4. d3 Na5 5. Qf3 Nxc4 6. dxc4 d6 7. Nge2 Bg4 8. Qd3 c6 9. h3 Be6 10. Be3 Be7 11. Rd1 Qa5 12. O-O O-O 13. Bd2 Qc7 14. Bg5 h6 15. Bxf6 Bxf6 16. b3 Rad8 17. a4 a6 18. Ng3 g6 19. Nce2 d5 20. cxd5 cxd5 21. Qf3 Bg7 22. exd5 Bd7 23. c4 f5 24. d6 Qb6 25. Qd5+ Kh7 26. c5 Qb4 27. Nc1 Bc6 28. Nd3 Bxd5 29. Nxb4 Bxb3 30. Ra1 e4 31. Ra3 Bc4 32. Rd1 a5 33. Nd5 Bb2 34. Re3 Bd3 35. Nf4 Bd4 36. Rexd3 exd3 37. Ne6 Bxc5 38. Rxd3 b6 39. Nxf8+ Rxf8 40. Ne2 Rd8 41. d7 Kg7 42. Nf4 Kf6 43. Kf1 g5 44. Nd5+ Ke5 45. Nc7 Bd4 46. Rxd4 Kxd4 47. Ne6+ Kd5 48. Nxd8 Kd6 49. Nc6 Kxd7 50. Nd4 f4 51. Ke2 Kd6 52. Kd3 Kd5 53. Nb3 f3 54. g4 b5 55. axb5 a4 56. Nd4 a3 57. Kc3 a2 58. Kb2 Kxd4 59. b6 Kd3 60. b7 Ke2 61. b8=Q Kxf2 62. Qh2+ Ke1 63. Qe5+ Kf1 64. Qg3 f2 65. Kxa2 Ke2 66. Qg2 Ke1 67. Qe4+ Kf1 68. Qe3 Kg2 69. Qe4+ Kg1 70. Qd4 Kg2 71. Qe4+ Kg1 72. Qd4 Kg2 73. Qd5+ Kg1 74. Qc5 Kg2 75. Qc6+ Kg1 76. Qb6 Kg2 77. Qb2 Kg1 78. Qb6 Kg2 79. Qxh6 f1=Q 80. Qxg5 Qe2+ 81. Kb3 Kxh3 82. Qh5+ Kg3 83. Kc3 Qxg4 84. Qxg4+ Kxg4 1/2-1/2

[Event "Fagernes Open 2019"]
[Site "Fagernes"]
[Date "2019.04.19"]
[Round "7.29"]
[White "Shehzad, Shazil"]
[Black "Sidali, Elias Hulleberg"]
[Result "0-1"]
[ECO "B31"]
[WhiteElo "2024"]
[BlackElo "1944"]
[Annotator "NA"]
[PlyCount "80"]
[EventDate "2019.04.14"]
[EventType "swiss"]
[EventCountry "NOR"]
[SourceTitle "playchess.com"]
[Source "ChessBase"]
[SourceQuality "1"]
[TimeControl "40/7200:3600"]

1. e4 c5 2. Nf3 Nc6 3. Bb5 g6 4. Bxc6 bxc6 5. O-O Bg7 6. Re1 Nh6 7. c3 O-O 8. d4 cxd4 9. cxd4 d5 10. e5 f6 11. e6 Qd6 12. Qe2 c5 13. b3 cxd4 14. Ba3 Qb6 15. Bb2 f5 16. Qd2 Bxe6 17. Bxd4 Bxd4 18. Nxd4 Bf7 19. Rxe7 Rfe8 20. Rxe8+ Rxe8 21. f3 Re1+ 22. Kf2 Rh1 23. h3 f4 24. Ke2 Qa6+ 25. Qd3 Re1+ 26. Kxe1 Qxd3 27. Ne2 Nf5 28. Nbc3 d4 29. Rd1 Qe3 30. Ne4 d3 31. N4c3 dxe2 32. Nxe2 Ng3 33. Rd2 Be8 34. Kd1 Bb5 35. Nxg3 fxg3 36. Kc2 Qg1 37. a4 Bf1 38. b4 Bxg2 39. a5 Bxf3 40. b5 Qc5+ 0-1

[Event "Fagernes Open 2019"]
[Site "Fagernes"]
[Date "2019.04.19"]
[Round "7.30"]
[White "Wright, Haakon"]
[Black "Flatebo, Hallvard Haug"]
[Result "1-0"]
[ECO "A86"]
[WhiteElo "1849"]
[BlackElo "1801"]
[Annotator "NA"]
[PlyCount "99"]
[EventDate "2019.04.14"]
[EventType "swiss"]
[EventCountry "NOR"]
[SourceTitle "playchess.com"]
[Source "ChessBase"]
[SourceQuality "1"]
[TimeControl "40/7200:3600"]

1. c4 d6 2. g3 f5 3. d4 Nf6 4. Bg2 g6 5. Nc3 Bg7 6. Nh3 O-O 7. d5 a5 8. Nf4 Na6 9. h4 Qe8 10. h5 gxh5 11. e3 Bd7 12. Bf3 Nc5 13. Nxh5 Nxh5 14. Bxh5 Qc8 15. Qe2 e5 16. e4 fxe4 17. Nxe4 Nxe4 18. Qxe4 Bf5 19. Qh4 Qd8 20. Qxd8 Raxd8 21. Bg5 Bf6 22. Bh6 Bg7 23. Bg5 Bf6 24. Bh6 Bg7 25. Bd2 b6 26. O-O-O a4 27. Be3 Be4 28. Rh4 Bf5 29. g4 Bf6 30. g5 Be7 31. Rh2 Be4 32. Rg1 Kg7 33. Rh3 Rg8 34. Rhg3 Bf5 35. g6 hxg6 36. Bxg6 Bxg6 37. Rxg6+ Kf7 38. Rxg8 Rxg8 39. Rxg8 Kxg8 40. Kc2 Kf7 41. Kc3 e4 42. Kd4 Bf6+ 43. Kxe4 Bxb2 44. Kf5 Ke7 45. Bg5+ Kd7 46. Be3 c5 47. f4 Ke7 48. Kg6 Bd4 49. Bc1 Bf6 50. f5 1-0

[Event "Fagernes Open 2019"]
[Site "Fagernes"]
[Date "2019.04.21"]
[Round "9.26"]
[White "Von Bahr, Oskar"]
[Black "Kazakovskiy, Valeriy"]
[Result "1/2-1/2"]
[ECO "E06"]
[WhiteElo "2404"]
[BlackElo "2440"]
[Annotator "NA"]
[PlyCount "142"]
[EventDate "2019.04.14"]
[EventType "swiss"]
[EventCountry "NOR"]
[SourceTitle "playchess.com"]
[Source "ChessBase"]
[SourceQuality "1"]
[TimeControl "40/7200:3600"]

1. d4 Nf6 2. c4 e6 3. Nf3 d5 4. g3 Be7 5. Bg2 O-O 6. O-O c6 7. Qc2 b6 8. Nbd2 Bb7 9. e4 Na6 10. Rd1 Rc8 11. e5 Nd7 12. cxd5 cxd5 13. Qa4 Ndb8 14. a3 Qd7 15. Qxd7 Nxd7 16. Bf1 Nc7 17. b4 Ba6 18. Bxa6 Nxa6 19. b5 Nc7 20. a4 a6 21. bxa6 Nxa6 22. Ba3 Bxa3 23. Rxa3 Rc6 24. Kf1 f6 25. Ke2 Ra8 26. Rb1 Nc7 27. Rbb3 Kf7 28. h3 Ke7 29. Re3 Na6 30. Reb3 Nab8 31. Kd1 Rc7 32. Nb1 Rc4 33. Rc3 Rcxa4 34. Rxa4 Rxa4 35. Rc8 fxe5 36. dxe5 Rc4 37. Rxc4 dxc4 38. Na3 c3 39. Kc2 Nc6 40. Kxc3 Ndxe5 41. Ng5 h6 42. Ne4 Nd7 43. Kc4 Na7 44. f4 Nf6 45. Nc3 Nh5 46. Ne2 Nf6 47. g4 Ne4 48. Kd4 Nd6 49. Nc2 Nc6+ 50. Kd3 Kf6 51. Ng3 b5 52. Ne3 Kf7 53. h4 b4 54. h5 e5 55. Ne2 exf4 56. Nxf4 Kf6 57. Nh3 Ne5+ 58. Kc2 Ndc4 59. Nd5+ Ke6 60. Ndf4+ Kf7 61. g5 Nc6 62. gxh6 gxh6 63. Nd5 N4a5 64. Nf2 Ke6 65. Ne3 Nd4+ 66. Kd3 b3 67. Kc3 Nf5 68. Neg4 Kd5 69. Nd3 Ng3 70. Nxh6 Nxh5 71. Nc1 Nf6 1/2-1/2

[Event "Fagernes Open 2019"]
[Site "Fagernes"]
[Date "2019.04.21"]
[Round "9.27"]
[White "Dale, Gunnar Brandshaug"]
[Black "Lundberg, Alf W."]
[Result "1-0"]
[ECO "B52"]
[WhiteElo "1903"]
[BlackElo "1932"]
[Annotator "NA"]
[PlyCount "101"]
[EventDate "2019.04.14"]
[EventType "swiss"]
[EventCountry "NOR"]
[SourceTitle "playchess.com"]
[Source "ChessBase"]
[SourceQuality "1"]
[TimeControl "40/7200:3600"]

1. e4 c5 2. Nf3 d6 3. Bb5+ Bd7 4. Bxd7+ Qxd7 5. O-O Nc6 6. Re1 e5 7. c3 O-O-O 8. d4 Qe8 9. b4 f6 10. d5 Nb8 11. bxc5 dxc5 12. Be3 g5 13. c4 Ne7 14. Bxc5 b6 15. Be3 Ng6 16. Nc3 Bb4 17. Qb3 Na6 18. a3 Bc5 19. Na4 Qe7 20. Qb5 Kb7 21. Qc6+ Kb8 22. Bxc5 Nxc5 23. Nxc5 Qxc5 24. Qxc5 bxc5 25. Rab1+ Kc7 26. Rb5 Kd6 27. Reb1 Rd7 28. Ne1 Rc8 29. Kf1 h6 30. Ke2 Ke7 31. g3 Nf8 32. Nd3 Rdc7 33. a4 Nd7 34. a5 Kd6 35. h3 h5 36. Ke3 Rg8 37. Rb7 Rgc8 38. R1b5 Rxb7 39. Rxb7 Rc7 40. Rb1 Rc8 41. f3 Rb8 42. Rxb8 Nxb8 43. h4 Nd7 44. hxg5 fxg5 45. f4 gxf4+ 46. gxf4 exf4+ 47. Kxf4 Nf8 48. e5+ Ke7 49. Kg5 Nd7 50. Kxh5 Kd8 51. Kg6 1-0

[Event "Fagernes Open 2019"]
[Site "Fagernes"]
[Date "2019.04.21"]
[Round "9.28"]
[White "Sidali, Elias Hulleberg"]
[Black "Rasmussen, Jonas H"]
[Result "1-0"]
[ECO "D10"]
[WhiteElo "1944"]
[BlackElo "1993"]
[Annotator "NA"]
[PlyCount "79"]
[EventDate "2019.04.14"]
[EventType "swiss"]
[EventCountry "NOR"]
[SourceTitle "playchess.com"]
[Source "ChessBase"]
[SourceQuality "1"]
[TimeControl "40/7200:3600"]

1. d4 d5 2. Bf4 Nf6 3. e3 c6 4. c4 a6 5. Nc3 Bf5 6. Qb3 Qc8 7. Nf3 e6 8. h3 Be7 9. Be2 O-O 10. O-O Nbd7 11. Ne5 Nxe5 12. Bxe5 dxc4 13. Qxc4 Ne4 14. Nxe4 Bxe4 15. b4 Qd7 16. f3 Bg6 17. e4 Rfd8 18. Rfd1 Bd6 19. a4 Rac8 20. Bxd6 Qxd6 21. Qc5 Qf4 22. Qc1 Qg3 23. Qe3 h6 24. Rac1 Qd6 25. Rc4 Rc7 26. Rdc1 b5 27. axb5 axb5 28. Rc5 Qxd4 29. Qxd4 Rxd4 30. Bxb5 Rxb4 31. Bxc6 Rb2 32. h4 Rb8 33. h5 Bh7 34. Bb7 Rxc5 35. Rxc5 f5 36. Bc8 fxe4 37. Bxe6+ Kh8 38. f4 Re8 39. Bf7 Rd8 40. Re5 1-0

[Event "Fagernes Open 2019"]
[Site "Fagernes"]
[Date "2019.04.21"]
[Round "9.29"]
[White "Melaa, Sondre"]
[Black "Loberg, Jo Kristian"]
[Result "1/2-1/2"]
[ECO "B10"]
[WhiteElo "1991"]
[BlackElo "2045"]
[Annotator "NA"]
[PlyCount "134"]
[EventDate "2019.04.14"]
[EventType "swiss"]
[EventCountry "NOR"]
[SourceTitle "playchess.com"]
[Source "ChessBase"]
[SourceQuality "1"]
[TimeControl "40/7200:3600"]

1. c4 c6 2. e4 d5 3. exd5 cxd5 4. cxd5 Nf6 5. Nc3 Nxd5 6. Nf3 Nc6 7. Bb5 Nxc3 8. bxc3 Bg4 9. d4 e6 10. O-O Bd6 11. Qd3 O-O 12. Ng5 Bf5 13. Qf3 h6 14. Nh3 Rc8 15. Bd2 Qa5 16. Bd3 Nxd4 17. cxd4 Qxd2 18. Bxf5 exf5 19. Rfd1 Qa5 20. Qxb7 Rc2 21. Qb3 Rc3 22. Qb2 Rb8 23. Qe2 Qa3 24. Qh5 Qa5 25. d5 Rb2 26. Qxf5 Rcc2 27. g3 Qb6 28. Rac1 Qc5 29. Rxc2 Qxc2 30. Qf3 Qe2 31. Qxe2 Rxe2 32. Rc1 Rxa2 33. Rc6 Be5 34. Nf4 Rd2 35. Rc8+ Kh7 36. Re8 Bxf4 37. gxf4 Rxd5 38. Re7 Rf5 39. Rxa7 Rxf4 40. Kg2 g5 41. Rb7 Kg6 42. Rb6+ f6 43. Ra6 h5 44. h3 g4 45. hxg4 Rxg4+ 46. Kf3 Rg5 47. Rb6 h4 48. Rb8 Rh5 49. Kg2 Kg5 50. Rb4 Rh8 51. Kh3 Ra8 52. Rg4+ Kf5 53. Rxh4 Rg8 54. Ra4 Rg1 55. Kh2 Rg4 56. Rxg4 Kxg4 57. Kg2 Kf4 58. f3 Ke3 59. Kg3 f5 60. f4 Ke4 61. Kg2 Kxf4 62. Kf2 Ke4 63. Ke2 f4 64. Kf2 f3 65. Kf1 Ke3 66. Ke1 f2+ 67. Kf1 Kf3 1/2-1/2